[ AOE2 MATCH · #505859928 ]
UnrankedJapanese vs Britons
Player's team · LOSS
Rival team · WIN
[ REPLAY ANALYSIS · EXTRACTED FROM THE RECORDED GAME ]
Feudal
—
Castle
—
Imperial
—
| APM avg | 65.3 |
| APM peak | 66 |
| eAPM avg | 19.2 |
| Villagers / military | 8 / 0 |
Focus
⚔️ 25.0% · 🌾 75.0%
Feudal
—
Castle
—
Imperial
—
| APM avg | 46.4 |
| APM peak | 55 |
| eAPM avg | 17.1 |
| Villagers / military | 7 / 0 |
Focus
⚔️ 16.0% · 🌾 84.0%
Match map
Initial resources + every placement click. Lines = walls · curves = elevation contours. ◆ gold · ⬟ stone · ● berries · ✦ relic · ◌ wall gap
Your base
Lil Tic's base
Smoothed initial terrain · ◌ = detected wall gap · hover for details
Inputs per minute
— LukeTheHunter - - Lil Tic
Build order — LukeTheHunter
11 actions detected in the replay
| 0:01 | Queue | Villager (Male) |
| 0:01 | Queue | Villager (Male) |
| 0:02 | Build | House |
| 0:04 | Build | House |
| 0:07 | Queue | Villager (Male) |
| 0:08 | Queue | Villager (Male) |
| 1:25 | Queue | Villager (Male) |
| 1:40 | Research | Loom |
| 1:56 | Queue | Villager (Male) |
| 1:56 | Queue | Villager (Male) |
| 2:14 | Queue | Villager (Male) |
Build order — Lil Tic
12 actions detected in the replay
| 0:00 | Queue | Villager (Male) |
| 0:01 | Queue | Villager (Male) |
| 0:02 | Build | House |
| 0:03 | Build | House |
| 0:11 | Research | Loom |
| 0:11 | Queue | Villager (Male) |
| 0:11 | Queue | Villager (Male) |
| 0:12 | Queue | Villager (Male) |
| 1:37 | Build | Palisade Wall |
| 1:52 | Build | Palisade Wall |
| 2:06 | Queue | Villager (Male) |
| 2:32 | Queue | Villager (Male) |
Match timeline
| 1:37 | Lil Tic · wall_segment Palisade Wall x7 |
| 1:52 | Lil Tic · wall_segment Palisade Wall x1 |
| 2:51 | LukeTheHunter · resign |
[ AI ANALYSIS · 1 CREDIT ]
What really happened in this match?
Wolo.gg analyzes every decision: build order, eco, micro, common mistakes by bracket. Personalized analysis on WhatsApp or Discord in 30 seconds.
Civ guide
Japanese
Perfil
Jugador #1373125